 Dungeon Crawl Stone Soup version 0.31-a0-259-g771a54c (webtiles) character file.

Game seed: 11584013965893813938

106 Dawnplanks the Gusty (level 4, -4/24 HPs)
             Began as a Tengu Air Elementalist on July 13, 2023.
             Slain by Natasha (9 damage)
             ... on level 3 of the Dungeon.
             The game lasted 00:03:21 (1941 turns).

Dawnplanks the Gusty (Tengu Air Elementalist)       Turns: 1941, Time: 00:03:22

Health: -4/24      AC:  2    Str:  8    XL:     4   Next: 84%
Magic:  1/10       EV: 12    Int: 17    God:
Gold:   105        SH:  0    Dex: 15    Spells: 4/10 levels left

rFire   . . .        (no weapon)
rCold   . . .        (no shield)
rNeg    . . .        a - +0 robe
rPois   .            (helmet restricted)
rElec   .            (no cloak)
rCorr   .            (no gloves)
SInv    .            (boots unavailable)
Will    .....        (no amulet)
Stlth   ++           (no ring)
HPRegen 0.24/turn    (no ring)
MPRegen 0.12/turn

%: no passive effects
@: no status effects
A: beak, talons 3
a: no special abilities


You were on level 3 of the Dungeon.
You visited 1 branch of the dungeon, and saw 3 of its levels.

You collected 105 gold pieces.

Inventory:

Missiles
 l - a throwing net
Armour
 a - a +0 robe (worn)
Scrolls
 d - a scroll of teleportation {unknown}
 e - a scroll of torment {unknown}
 g - a scroll of blinking {unknown}
 i - a scroll of fear {unknown}
Potions
 b - a potion of magic
 c - a potion of invisibility
 f - a potion of enlightenment {unknown}
 h - a potion of curing {unknown}
 j - a potion of lignification {unknown}
 k - a potion of heal wounds {unknown}


   Skills:
 + Level 2.3 Dodging
 - Level 2.0 Stealth
 + Level 3.6 Spellcasting
 + Level 2.4 Conjurations
 + Level 5.0 Air Magic


You had 4 spell levels left.
You knew the following spells:

 Your Spells              Type           Power      Damage    Failure   Level
a - Shock                 Conj/Air       60%        1d6       3%          1
b - Static Discharge      Conj/Air       30%        2-4/arc   5%          2
c - Swiftness             Air            20%        N/A       6%          3

Your spell library contained the following spells:

 Spells                   Type           Power      Damage    Failure   Level
 Airstrike                Air            10%        2d(2-18)  21%         4


Dungeon Overview and Level Annotations

Branches:
Dungeon (3/15)

Altars:

Annotations:
D:1 1 transporter
D:3 Natasha


Innate Abilities, Weirdness & Mutations

You have a beak for a mouth.
You have claws for feet.


Message History

Aiming: Shock (safe; 3% risk of failure)
Press: ? - help, Shift-Dir - straight line, p - quokka The zap hits Natasha.
Natasha is moderately wounded.
The zap hits the quokka.
You kill the quokka!
Casting: Shock (safe; 3% risk of failure)
Confirm with . or Enter, or press ? or * to list all spells.
Aiming: Shock (safe; 3% risk of failure)
Press: ? - help, Shift-Dir - straight line The zap misses Natasha.
Natasha completely misses you.
Your magical contamination has completely faded away.
Casting: Shock (safe; 3% risk of failure)
Confirm with . or Enter, or press ? or * to list all spells.
Natasha is struck by an arc of lightning.
Natasha is moderately wounded.
You are struck by an arc of lightning.
The lightning grounds out.
Natasha closely misses you.
Casting: Static Discharge (safe; 5% risk of failure)
Confirm with . or Enter, or press ? or * to list all spells.
Natasha is struck by an arc of lightning.
Natasha is heavily wounded.
You are struck by an arc of lightning.
Natasha is struck by an arc of lightning.
Natasha is severely wounded.
The lightning grounds out.
Natasha claws you!
Casting: Static Discharge (safe; 5% risk of failure)
Confirm with . or Enter, or press ? or * to list all spells.
You don't have enough magic to cast this spell.
Unknown command.
You are too injured to fight recklessly!
You are too injured to fight recklessly!
You hit Natasha.
Natasha is almost dead.
Natasha claws you.
* * * LOW HITPOINT WARNING * * *
You hit Natasha. Your kick misses Natasha.
Natasha is almost dead.
Natasha claws you!
You die...

#. .............. #.
............. #.
............ #.
........... #. ........ .#
#. ...[.# .# # #. ...
#.h.# .###.# #.
....#.@.###.... #.
....#....#...# #.
####......>#..#### #.
.................# #.
.................# #.
................# #.
.####.............# #.
..........(.......... #.
........)......##########.


You could see Natasha.

Vanquished Creatures
  5 adders
  A worm (D:2)
  A dart slug (D:1)
  An orc (D:3)
  4 bats
  5 endoplasms
  A giant cockroach (D:3)
  6 hobgoblins
  3 jackals (D:1)
  4 kobolds
  4 quokkas
  4 ball pythons
  2 frilled lizards
  6 goblins
  4 rats (D:1)
51 creatures vanquished.

Notes
Turn   | Place    | Note
-------+----------+-------------------------------------------
     0 | D:1      | Dawnplanks the Tengu Air Elementalist began the quest for
                  | the Orb.
     0 | D:1      | Reached XP level 1. HP: 10/10 MP: 4/4
   178 | D:1      | Reached XP level 2. HP: 15/15 MP: 3/6
   575 | D:1      | Reached XP level 3. HP: 19/19 MP: 4/7
  1216 | D:2      | Reached XP level 4. HP: 24/24 MP: 5/9
  1352 | D:2      | Identified the +9 plate armour of Insecurity {Harm rElec
                  | Regen+ Stlth+}
  1587 | D:2      | Learned a level 2 spell: Static Discharge
  1591 | D:2      | Learned a level 3 spell: Swiftness
  1649 | D:2      | Identified the +1 mace of Blood {elec, Fly Str+3}
  1702 | D:3      | Reached skill level 5 in Air Magic
  1932 | D:3      | Noticed Natasha
  1941 | D:3      | Slain by Natasha

Illustrated notes

Levels and vault maps discovered:
D:1:      spicycebolla_arrival_risky_transporter, layout_rooms,
          minmay_misc_feat_diagonals
D:2:      layout_basic
D:3:      layout_basic, grunt_ministairs_4, minmay_close_crescents, uniq_natasha

Skill      XL: |  1  2  3  4 |
---------------+-------------+-----
Conjurations   | 2 |  2.4
Spellcasting   | 3 |  3.6
Air Magic      | 5 |  5.0
Dodging        | |  2.3
Stealth        | |  2.0

Action                     |  1- 3 |  4- 6 || total
---------------------------+-------+-------++-------
  Melee: Unarmed           |     9 |     2 ||    11
         Kick              |     5 |       ||     5
   Cast: Shock             |    71 |    43 ||   114
         Static Discharge  |       |     2 ||     2
    Use: Potion            |     2 |       ||     2
 Armour: Robe              |     1 |     1 ||     2
  Dodge: Dodged            |     4 |     6 ||    10

Table legend: (Time is in decaauts)
 A = Elapsed time spent in this place.
 B = Non-inter-level travel time spent in this place.
 C = Inter-level travel time spent in this place.
 D = Time resting spent in this place.
 E = Time spent auto-exploring this place.
 F = Levels seen in this place.
 G = Mean time per level.
                   A        B        C        D        E       F      G
               +--------+--------+--------+--------+--------+-----+--------+
         Total |   1940 |   1907 |     33 |      5 |   1668 |   3 |  646.7 |
       Dungeon |   1940 |   1907 |     33 |      5 |   1668 |   3 |  646.7 |
               +--------+--------+--------+--------+--------+-----+--------+

Top non-repeatable levels by time:
     D:1: 1036 daAuts
     D:2: 656 daAuts
     D:3: 247 daAuts
